 Dungeon Crawl Stone Soup version 0.30.1-11-g7821555f0a (webtiles) character file.

Game seed: 13575419700845651111

35 eatmyshorts the Chopper (level 3, -2/33 HPs)
             Began as a Hill Orc Monk on Dec 12, 2023.
             Slain by a hobgoblin (4 damage)
             ... on level 2 of the Dungeon.
             The game lasted 00:01:44 (517 turns).

eatmyshorts the Chopper (Hill Orc Monk)              Turns: 517, Time: 00:01:44

Health: -2/33      AC:  2    Str: 15    XL:     3   Next: 33%
Magic:  3/3        EV: 12    Int: 10    God:
Gold:   44         SH:  0    Dex: 13    Spells: 2/2 levels left

rFire   . . .        a - +0 hand axe
rCold   . . .        d - orb {light}
rNeg    . . .        b - +0 robe
rPois   .            (no helmet)
rElec   .            (no cloak)
rCorr   .            (no gloves)
SInv    .            (no boots)
Will    .....        (no amulet)
Stlth   +            (no ring)
HPRegen 0.25/turn    (no ring)
MPRegen 0.08/turn

%: no passive effects
@: glowing
A: no striking features
a: no special abilities


You were on level 2 of the Dungeon.
You visited 1 branch of the dungeon, and saw 2 of its levels.

You collected 44 gold pieces.

Inventory:

Hand Weapons
 a - a +0 hand axe (weapon)
Armour
 b - a +0 robe (worn)
 d - an orb of light (worn)
 l - a +0 pair of boots
Scrolls
 e - 3 scrolls of identify {unknown}
 h - a scroll of teleportation {unknown}
 k - a scroll of fear {unknown}
Potions
 c - a potion of ambrosia
 f - a potion of experience {unknown}
 g - a potion of degeneration {unknown}
 i - a potion of lignification {unknown}
 j - a potion of haste {unknown}
 m - a potion of curing {unknown}


   Skills:
 + Level 4.1 Fighting
 + Level 4.7 Axes
 + Level 2.8 Dodging


You had 2 spell levels left.
You didn't know any spells.
Your spell library contained the following spells:

 Spells                   Type           Power      Damage    Failure   Level
 Beastly Appendage        Tmut           0%         N/A       36%         1
 Wereblood                Tmut           0%         N/A       50%         2
 Spider Form              Tmut/Pois      0%         N/A       75%         3


Dungeon Overview and Level Annotations

Branches:
Dungeon (2/15)

Altars:
Xom

Shops:
D:1 =


Message History

The hobgoblin shouts!
The worm closely misses you.
You hit the worm.
The worm is moderately wounded.
The bat closely misses you.
You hit the worm.
The worm is moderately wounded.
You barely miss the bat. The bat barely misses you. The worm bites you.
You hit the worm.
The worm is heavily wounded.
The bat hits you but does no damage. The worm closely misses you.
You hit the worm.
The worm is severely wounded.
You hit the hobgoblin. You barely miss the bat. The bat hits you.
The hobgoblin hits you. The bat hits you but does no damage.
You completely miss the worm.
The worm is severely wounded.
You barely miss the bat. You hit the hobgoblin but do no damage.
The bat misses you. The hobgoblin misses you. The worm bites you!
You hit the worm.
The worm is almost dead.
You hit the bat. You hit the hobgoblin but do no damage.
The bat closely misses you. The hobgoblin misses you. The worm bites you!
* * * LOW HITPOINT WARNING * * *
You hit the worm.
The worm is almost dead.
You hit the bat.
You kill the bat!
You hit the hobgoblin but do no damage. The hobgoblin misses you.
You slash the worm!
You kill the worm!
You barely miss the hobgoblin. The hobgoblin closely misses you.
You hit the hobgoblin.
The hobgoblin is severely wounded.
The hobgoblin hits you.
* * * LOW HITPOINT WARNING * * *
You hit the hobgoblin but do no damage.
The hobgoblin is severely wounded.
The hobgoblin hits you.
You die...

#.##.#...#....#
#<.......# #..#
#.##.#.#.#.# ..
#.##.#...#.## #
#.##.##.....#.#
#.##.##.......#
#.##.##.._....#
#..#.##.......#
#..#.†@g......#
..........###..#
...............#
...............#
...############
.. .


You could see a hobgoblin.

Vanquished Creatures
  A worm (D:2)
  A dart slug (D:1)
  4 endoplasms (D:1)
  A giant cockroach (D:1)
  3 goblins (D:1)
  3 hobgoblins (D:1)
  A quokka (D:1)
  2 ball pythons (D:1)
  3 bats
  2 frilled lizards (D:1)
  4 kobolds (D:1)
  3 rats (D:1)
28 creatures vanquished.

Notes
Turn   | Place    | Note
-------+----------+-------------------------------------------
     0 | D:1      | eatmyshorts the Hill Orc Monk began the quest for the Orb.
     0 | D:1      | Reached XP level 1. HP: 19/19 MP: 1/1
    97 | D:1      | Found Pynyhumn's Jewellery Boutique.
   114 | D:1      | Reached XP level 2. HP: 24/27 MP: 2/2
   401 | D:1      | Reached XP level 3. HP: 32/33 MP: 3/3
   486 | D:2      | Found a shimmering altar of Xom.
   517 | D:2      | Slain by a hobgoblin

Illustrated notes

Levels and vault maps discovered:
D:1:      saegor_arrival_simple_a, layout_rooms, serial_shops, shop
D:2:      layout_basic, ebering_ecumenical_altar_hall, basic_altar,
          serial_shops, nicolae_shop_advertising_works
          [nicolae_subvault_shop_adworks], serial_park_tiny_1,
          amcnicky_mini_corridor_feature, grunt_ministairs_7

Skill      XL: |  1  2 |
---------------+-------+-----
Fighting       | 4 |  4.1
Axes           | |  4.7
Dodging        | |  2.8

Action                     || total
---------------------------++-------
  Melee: Hand axe          ||    63
 Armour: Robe              ||    13
  Dodge: Dodged            ||    39
